[Event "Late-Titled-Tuesday-Blitz-January-30-2024"]
[Site "Chess.com"]
[Date "2024.01.30"]
[Round "3"]
[White "Inepton_Fermion"]
[Black "LittleChessFan"]
[Result "0-1"]
[WhiteElo "2408"]
[BlackElo "2267"]
[TimeControl "180+1"]
[EndTime "14:27:10 PST"]
[Termination "LittleChessFan won on time"]

1. e4 c5 2. Nf3 e6 3. d4 cxd4 4. Nxd4 Nf6 5. Nc3 Nc6 6. Be3 Bb4 7. Bd3 d5 8. Nxc6 bxc6 9. Bd2 Rb8 10. O-O dxe4 11.
Nxe4 Nxe4 12. Bxe4 Bxd2 13. Bxc6+ Ke7 14. Qg4 Rxb2 15.
Rad1 Rxc2 16. Ba4 Rxa2 17. Qc4 Qd5 18. Qc7+ Bd7 19. Bxd7 Qxd7 20. Qc5+ Qd6 21. Qc4 Rb2 22. Qh4+ g5 23. Qe4 f5 24. Qf3 g4 25. Qe2 a5 0-1

[Event "Late-Titled-Tuesday-Blitz-January-30-2024"]
[Site "Chess.com"]
[Date "2024.01.30"]
[Round "3"]
[White "Siemba"]
[Black "rcmz"]
[Result "1-0"]
[WhiteElo "2546"]
[BlackElo "2137"]
[TimeControl "180+1"]
[EndTime "14:27:11 PST"]
[Termination "Siemba won on time"]

1. e4 a6 2. d4 b5 3. a4 b4 4. Bd3 e6 5. Nd2 Bb7 6. Ngf3 d6 7. O-O c5 8. c3 bxc3 9. bxc3 Qc7 10. Re1 Nd7 11. a5 Ngf6 12. e5 Nd5 13. Bb2 dxe5 14.
dxe5 Be7 15. c4 Nf4 16. Be4 Rb8 17. Bc3 O-O 18. Qc2 Ng6 19. g3 Rfd8 20. h4 Ngf8 21.
Ng5 h6 22. Ngf3 f5 23. exf6 Bxf6 24. Bxb7 Qxb7 25. Ne4 Bxc3 26. Qxc3 Qb2 27. Qe3 Qb4 28. Qf4 Ng6 29. Qg4 Ndf8 30. h5 Ne7 31. Ne5 Nf5 32. Nf6+ 1-0

[Event "Late-Titled-Tuesday-Blitz-January-30-2024"]
[Site "Chess.com"]
[Date "2024.01.30"]
[Round "3"]
[White "JakubPulpan"]
[Black "TigrVShlyape"]
[Result "0-1"]
[WhiteElo "2706"]
[BlackElo "2935"]
[TimeControl "180+1"]
[EndTime "14:27:12 PST"]
[Termination "TigrVShlyape won by resignation"]

1. d3 d5 2. Nf3 Nf6 3. g3 c6 4. Nbd2 Bf5 5. c4 e6 6. Bg2 h6 7.
O-O Be7 8. Ne5 O-O 9. Ndf3 Bh7 10. Qb3 Qb6 11. Be3 Qa6 12. Rfc1 Nbd7 13. Nxd7 Nxd7 14. Bf4 Qb6 15. Qc2 a5 16. Be3 Qa6 17. Bf4 a4 18. Ne5 Rfd8 19. Nxd7 Rxd7 20. c5 Bf6 21.
Rab1 e5 22. Bd2 e4 23. dxe4 Re8 24. Bc3 Bxc3 25. Qxc3 Bxe4 26. e3 Bxb1 27. Rxb1 Qc4 28. Qxc4 dxc4 29. Rc1 Rd2 30. Rxc4 Rxb2 31. Rxa4 Rd8 32.
Be4 g6 0-1

[Event "Late-Titled-Tuesday-Blitz-January-30-2024"]
[Site "Chess.com"]
[Date "2024.01.30"]
[Round "3"]
[White "LUISMIGUELOV"]
[Black "leotobares"]
[Result "0-1"]
[WhiteElo "2174"]
[BlackElo "2406"]
[TimeControl "180+1"]
[EndTime "14:27:12 PST"]
[Termination "leotobares won by resignation"]

1. e4 c5 2. d4 cxd4 3. c3 d3 4. Bxd3 Nc6 5. Nf3 g6 6. O-O Bg7 7. Bg5 Qb6 8. Qb3 Qxb3 9. axb3 h6 10. Be3 Nf6 11. h3 d6 12. Nbd2 O-O 13. b4 Nd7 14. b5 Nce5 15. Nxe5 Nxe5 16. Be2 a5 17. bxa6 bxa6 18. Ra5 Bb7 19. Rfa1 Rfb8 20. f3 Nc6 21. R5a4 a5 22. Nc4 Ba6 23. Kf2 Bxc4 24. Rxc4 Ne5 25. Rc7 Rxb2 26. Rxe7 a4 27. Kf1 a3 28. Bd4 a2 29. Kf2 Rb1 30. c4 Nc6 31. Bxg7 Kxg7 32. Rxa2 Rxa2 33. Rc7 Nd4 34. Kg3 Nxe2+ 35. Kh4 Nf4 36.
c5 Rxg2 0-1

[Event "Late-Titled-Tuesday-Blitz-January-30-2024"]
[Site "Chess.com"]
[Date "2024.01.30"]
[Round "3"]
[White "BogdanDeac"]
[Black "Anar_Aliakbarov"]
[Result "1-0"]
[WhiteElo "3054"]
[BlackElo "2656"]
[TimeControl "180+1"]
[EndTime "14:27:13 PST"]
[Termination "BogdanDeac won on time"]

1. d4 d5 2. Bf4 Nf6 3. e3 c5 4. c3 Nc6 5. Nd2 cxd4 6. exd4 Bf5 7. Qb3 Qc8 8. Ngf3 e6 9. Nh4 Be4 10. Nxe4 Nxe4 11. Nf3 Bd6 12. Be3 O-O 13. Bd3 f5 14.
Qc2 Qc7 15. Qe2 a6 16. g3 b5 17. a3 Na5 18. O-O f4 19. Bc1 Nb3 20. Rb1 Nxc1 21. Rbxc1 Qc6 22. Rce1 fxg3 23. fxg3 Nf6 24. Qxe6+ Kh8 25.
Ne5 Qc7 26. Qf5 Rae8 27. Qg5 Ng8 28. Qh5 Rxf1+ 29. Rxf1 1-0

[Event "Late-Titled-Tuesday-Blitz-January-30-2024"]
[Site "Chess.com"]
[Date "2024.01.30"]
[Round "3"]
[White "yobdc"]
[Black "Bkmzzzzz"]
[Result "1-0"]
[WhiteElo "2569"]
[BlackElo "2344"]
[TimeControl "180+1"]
[EndTime "14:27:16 PST"]
[Termination "yobdc won by resignation"]

1. e4 d6 2. d4 Nf6 3. f3 e5 4. d5 Be7 5. c4 c6 6. Nc3 O-O 7. Be3 a6 8. a4 cxd5 9. cxd5 Ne8 10. Bd3 f5 11. exf5 Bxf5 12. Bxf5 Rxf5 13. Nge2 Nd7 14.
Ng3 Bh4 15. O-O Bxg3 16. hxg3 Rc8 17. g4 Rf8 18. Ne4 Ndf6 19. Ng5 Nc7 20. Qd3 Qe7 21. Rad1 Ncxd5 22. Nxh7 Nxe3 23. Nxf8 Nxd1 24. Ng6 Nxb2 25. Nxe7+ 1-0

[Event "Late-Titled-Tuesday-Blitz-January-30-2024"]
[Site "Chess.com"]
[Date "2024.01.30"]
[Round "3"]
[White "jlf287"]
[Black "Lennis93"]
[Result "1-0"]
[WhiteElo "2522"]
[BlackElo "2691"]
[TimeControl "180+1"]
[EndTime "14:27:17 PST"]
[Termination "jlf287 won by resignation"]

1. d4 Nf6 2. c4 e6 3. g3 c5 4.
Nf3 cxd4 5. Nxd4 Nc6 6. Bg2 Bb4+ 7. Nc3 O-O 8. O-O d5 9. cxd5 exd5 10. h3 h6 11. Be3 Re8 12. Rc1 a6 13. Nb3 Be6 14. Bc5 Bxc3 15. Rxc3 Ne4 16. Rc1 Qd7 17. Kh2 a5 18. Bd4 a4 19. Nc5 Nxc5 20. Rxc5 a3 21.
b3 Qe7 22. e3 Red8 23. Qd2 Nxd4 24. Qxd4 Rac8 25. Rfc1 Qd7 26. h4 Rxc5 27. Rxc5 Rc8 28. Kg1 b6 29. Rc3 Rxc3 30. Qxc3 Qd6 31. b4 d4 32.
exd4 Bxa2 33. Qxa3 Bd5 34. Qc3 h5 35. Qc8+ Kh7 36. Qf5+ g6 37. Qxd5 Qe7 38. b5 Qe1+ 39. Bf1 Kg7 40. Qe5+ 1-0

[Event "Late-Titled-Tuesday-Blitz-January-30-2024"]
[Site "Chess.com"]
[Date "2024.01.30"]
[Round "3"]
[White "Zq1"]
[Black "GMAkobianSTL"]
[Result "0-1"]
[WhiteElo "2506"]
[BlackElo "2720"]
[TimeControl "180+1"]
[EndTime "14:27:18 PST"]
[Termination "GMAkobianSTL won on time"]

1. d4 d5 2. c4 e6 3. Nf3 Nf6 4.
e3 Be7 5. Nc3 O-O 6. Bd3 b6 7.
cxd5 exd5 8. Ne5 Bb7 9. f4 c5 10. O-O Nc6 11. Ne2 c4 12. Bb1 b5 13. g4 Nd7 14. Ng3 f6 15. Nxc6 Bxc6 16. Qc2 g6 17.
h4 Re8 18. h5 Nf8 19. Qh2 Bd6 20. hxg6 hxg6 21. Qh6 Qd7 22. g5 Qg4 23. Kf2 fxg5 24. Bxg6 gxf4 25. Nf5 Qxg6 26. Rg1 Re6 27. Rxg6+ Rxg6 28. Qh4 Re8 29. Bd2 fxe3+ 30. Bxe3 Re4 31. Qh3 Bd7 32. Rh1 Kf7 33. Qh5 Bxf5 34. Rf1 Ke6 0-1

[Event "Late-Titled-Tuesday-Blitz-January-30-2024"]
[Site "Chess.com"]
[Date "2024.01.30"]
[Round "3"]
[White "Pingah9"]
[Black "sofaceindisguise"]
[Result "1-0"]
[WhiteElo "2535"]
[BlackElo "2764"]
[TimeControl "180+1"]
[EndTime "14:27:19 PST"]
[Termination "Pingah9 won by resignation"]

1. e4 c5 2. Nc3 Nc6 3. g3 g6 4. Bg2 Bg7 5. d3 Rb8 6. a4 a6 7.
Be3 d6 8. Qd2 b5 9. axb5 axb5 10. Nge2 b4 11. Nd1 h5 12. h3 e5 13. O-O Nge7 14. f4 Nd4 15. Kh2 O-O 16. f5 gxf5 17. Nxd4 cxd4 18. Bh6 f6 19. exf5 Nxf5 20. Bd5+ Kh8 21.
Bxg7+ Kxg7 22. Ra7+ Ne7 23. Rxf6 Kxf6 24. Qh6+ Ng6 25. Nf2 Bd7 26. Ne4+ Ke7 27. Qg7+ 1-0

[Event "Late-Titled-Tuesday-Blitz-January-30-2024"]
[Site "Chess.com"]
[Date "2024.01.30"]
[Round "3"]
[White "tgpgoat"]
[Black "MetiForce"]
[Result "0-1"]
[WhiteElo "2531"]
[BlackElo "2863"]
[TimeControl "180+1"]
[EndTime "14:27:20 PST"]
[Termination "MetiForce won by resignation"]

1. Nf3 d5 2. b3 Bg4 3. Ne5 Bf5 4.
Bb2 Nd7 5. g3 Nxe5 6. Bxe5 f6 7.
Bb2 e5 8. Bg2 c6 9. O-O Bd6 10. c4 Ne7 11. cxd5 cxd5 12. Nc3 Be6 13. d4 e4 14. f3 exf3 15. exf3 O-O 16. Re1 Bf7 17. Rc1 Rc8 18. f4 Qd7 19. Qd3 Bb4 20.
a3 Bxc3 21. Bxc3 Rfe8 22. Bb4 Nc6 23. Bc3 a6 24. b4 Na7 25. Bb2 Nb5 26. Qd2 Nd6 27.
Bf1 Bg6 28. Rc5 Ne4 29. Qd1 Nxc5 30. dxc5 Rxe1 31. Qxe1 Re8 32. Qd2 Qe6 33. Bd4 h5 34. a4 h4 35. b5 axb5 36. axb5 Ra8 37. Qc3 hxg3 38. hxg3 Ra2 39. c6 bxc6 40. bxc6 Rc2 41. Qb3 Rxc6 42. Bg2 Rc1+ 43. Kh2 Rc2 44. Kg1 Be4 45. Bf1 Qg4 46. Qe3 Qh5 0-1

[Event "Late-Titled-Tuesday-Blitz-January-30-2024"]
[Site "Chess.com"]
[Date "2024.01.30"]
[Round "3"]
[White "AungTZ"]
[Black "ScarpaChess"]
[Result "0-1"]
[WhiteElo "2070"]
[BlackElo "2370"]
[TimeControl "180+1"]
[EndTime "14:27:26 PST"]
[Termination "ScarpaChess won on time"]

1. e4 e5 2. d4 exd4 3. c3 d5 4.
Qxd4 Nf6 5. e5 Nc6 6. Qf4 Ng4 7. Nf3 Bc5 8. Be3 Bxe3 9. fxe3 Qe7 10. Bb5 O-O 11.
Bxc6 bxc6 12. h3 Nh6 13. O-O f6 14. exf6 Rxf6 15. Qd4 Nf5 16. Qe5 Qxe5 17. Nxe5 Ba6 18. Rf3 Re8 19. Ng4 Rf7 0-1

[Event "Late-Titled-Tuesday-Blitz-January-30-2024"]
[Site "Chess.com"]
[Date "2024.01.30"]
[Round "3"]
[White "Sanan_Sjugirov"]
[Black "SnekkerAndersen"]
[Result "1-0"]
[WhiteElo "2988"]
[BlackElo "2625"]
[TimeControl "180+1"]
[EndTime "14:27:28 PST"]
[Termination "Sanan_Sjugirov won by resignation"]

1. e4 e6 2. d4 d5 3. e5 c5 4. c3 Nc6 5. Nf3 Bd7 6. Be2 Qc7 7. O-O f6 8. Re1 fxe5 9. Nxe5 Nxe5 10. dxe5 O-O-O 11. Bf4 Nh6 12. a4 Nf7 13. Na3 a6 14. Bf1 g5 15.
Bg3 h5 16. h3 Bg7 17. b4 c4 18. Nc2 Bxe5 19. Rxe5 Nxe5 20. Qe2 Rhf8 21. Bxe5 Qb6 22. a5 Qa7 23. Nd4 g4 24. h4 b6 25.
axb6 Qxb6 26. Bg3 Kb7 27. Qe5 Ra8 28. Be2 a5 29. bxa5 Rxa5 30. Rxa5 Qxa5 31. Qd6 Rd8 32. Kh2 Qb6 33. Qe7 Kc8 34. f3 Re8 35. Qf6 Qd8 36. Qe5 Kb7 37. fxg4 hxg4 38. Bxg4 Bc8 39. Nxe6 Bxe6 40. Bxe6 Rh8 41. Bxd5+ Ka7 42. Qd4+ Qb6 43. Qg7+ 1-0

[Event "Late-Titled-Tuesday-Blitz-January-30-2024"]
[Site "Chess.com"]
[Date "2024.01.30"]
[Round "3"]
[White "ferdipy"]
[Black "HalfIsCrayfish"]
[Result "0-1"]
[WhiteElo "2402"]
[BlackElo "2588"]
[TimeControl "180+1"]
[EndTime "14:27:29 PST"]
[Termination "HalfIsCrayfish won by resignation"]

1. e4 c6 2. d4 d5 3. exd5 cxd5 4.
Bd3 Nc6 5. c3 Qc7 6. Nf3 Nf6 7.
Bg5 Bg4 8. Nbd2 e6 9. O-O Bd6 10. h3 Bh5 11. Re1 O-O 12. g4 Bg6 13. Nf1 Bxd3 14.
Qxd3 Ne4 15. Bh4 f6 16. Bg3 Bxg3 17. fxg3 Rae8 18. Kg2 Qf7 19. N1d2 f5 20. gxf5 exf5 21. Rf1 g6 22. Rae1 h6 23. Ng1 Kh7 24. Ndf3 g5 25. Nh2 a6 26. Ngf3 Qg6 27. g4 f4 28. b3 Ng3 29. Rf2 Qxd3 0-1

[Event "Late-Titled-Tuesday-Blitz-January-30-2024"]
[Site "Chess.com"]
[Date "2024.01.30"]
[Round "3"]
[White "mightysmasher"]
[Black "Nemsko"]
[Result "0-1"]
[WhiteElo "2558"]
[BlackElo "2372"]
[TimeControl "180+1"]
[EndTime "14:27:29 PST"]
[Termination "Nemsko won by checkmate"]

1. e4 e5 2. Nf3 Nc6 3. d4 exd4 4. Nxd4 Nf6 5. Nc3 Bb4 6. Nxc6 bxc6 7. Bd3 d5 8. exd5 cxd5 9. O-O O-O 10. Bg5 c6 11. Qf3 Be7 12. Rfe1 Be6 13. Bf5 Qd7 14. Bxe6 fxe6 15.
Qh3 Bc5 16. Qxe6+ Qxe6 17. Rxe6 Ng4 18. Rxc6 Bxf2+ 19. Kh1 Rf5 20. Bd2 Raf8 21. h3 Bg3 22. Rc8 Nf2+ 23. Kg1 Rxc8 24. Ne2 Ne4 25. Nxg3 Nxg3 26.
c3 Ne4 27. Be3 a6 28. Bd4 Rb8 29. b3 Rbf8 30. Re1 h5 31. c4 Ng3 32. Re7 R8f7 33.
Re8+ Kh7 34. c5 h4 35. Bf2 Rxf2 36. Re1 Rf1+ 37. Rxf1 Rxf1+ 38. Kh2 Rh1# 0-1

[Event "Late-Titled-Tuesday-Blitz-January-30-2024"]
[Site "Chess.com"]
[Date "2024.01.30"]
[Round "3"]
[White "Bryanl106"]
[Black "PapaieDudu"]
[Result "0-1"]
[WhiteElo "2560"]
[BlackElo "2400"]
[TimeControl "180+1"]
[EndTime "14:27:30 PST"]
[Termination "PapaieDudu won by checkmate"]

1. e4 c5 2. Nf3 d6 3. d4 cxd4 4. Nxd4 Nf6 5. Nc3 a6 6. h3 e5 7. Nde2 b5 8. g4 Bb7 9. Bg2 h6 10. a3 Be7 11. O-O O-O 12. Ng3 Re8 13. Nf5 Bf8 14.
Be3 Qc7 15. Qd2 Nbd7 16. Rad1 Nc5 17. Nxd6 Red8 18. Bxc5 Qxc5 19. Nxb7 Rxd2 20. Nxc5 Rxd1 21. Rxd1 Bxc5 22. Kf1 Rb8 23. Nd5 Nh7 24. b4 Bf8 25. h4 Rc8 26. Rd2 a5 27. Bh3 axb4 28. axb4 Rc4 29.
f3 Bxb4 30. Nxb4 Rxb4 31. Rd8+ Nf8 32. g5 hxg5 33. hxg5 g6 34. Ke2 Kg7 35. Rc8 Nh7 36. Bd7 Nxg5 37. Rc5 Rc4 38. Rxe5 Rxc2+ 39. Ke3 Rc3+ 40.
Kf4 f6 41. Rxb5 Rxf3+ 42. Kg4 Re3 43. Bc6 Kh6 44. Rb4 Rf3 45. e5 f5+ 46. Kh4 Rh3# 0-1

[Event "Late-Titled-Tuesday-Blitz-January-30-2024"]
[Site "Chess.com"]
[Date "2024.01.30"]
[Round "3"]
[White "Cubitas"]
[Black "rasmussvane"]
[Result "0-1"]
[WhiteElo "2732"]
[BlackElo "2962"]
[TimeControl "180+1"]
[EndTime "14:27:32 PST"]
[Termination "rasmussvane won by resignation"]

1. e4 c6 2. d4 d5 3. e5 Bf5 4. Ne2 e6 5. Ng3 Bg6 6. h4 h5 7.
Be2 c5 8. c3 Nc6 9. Bxh5 Bxh5 10. Nxh5 g6 11. Ng3 Rxh4 12. Rxh4 Qxh4 13. Be3 cxd4 14.
cxd4 Bh6 15. Ke2 Bf4 16. Kf3 Nh6 17. Ke2 Bxe3 18. Kxe3 Nf5+ 19. Nxf5 Qe4+ 20. Kd2 gxf5 21. Nc3 Qxd4+ 22. Kc2 Qxf2+ 23. Kb3 Nxe5 24. a3 Nc4 25. Ne2 Qb6+ 0-1

[Event "Late-Titled-Tuesday-Blitz-January-30-2024"]
[Site "Chess.com"]
[Date "2024.01.30"]
[Round "3"]
[White "cthulhuuu"]
[Black "PawnEatingZombie"]
[Result "1-0"]
[WhiteElo "2380"]
[BlackElo "2143"]
[TimeControl "180+1"]
[EndTime "14:27:34 PST"]
[Termination "cthulhuuu won by resignation"]

1. e4 e6 2. d3 d5 3. Nd2 Nf6 4. Ngf3 c5 5. g3 Nc6 6. Bg2 g6 7. O-O Bg7 8. Re1 O-O 9. Qe2 b6 10. h4 Ba6 11. a3 Qc7 12. c3 dxe4 13. Nxe4 Nxe4 14. Qxe4 Rad8 15. Bf4 Qc8 16. Rad1 Na5 17. h5 Bb7 18. Qe3 Qa8 19. h6 Bh8 20. Bg5 Rd7 21.
Ne5 Rc7 22. Bxb7 Qxb7 23. Ng4 Nc6 24. Bf6 Ne7 25. Bxh8 Kxh8 26. Qe5+ 1-0

[Event "Late-Titled-Tuesday-Blitz-January-30-2024"]
[Site "Chess.com"]
[Date "2024.01.30"]
[Round "3"]
[White "mishanick"]
[Black "only_strong_moves"]
[Result "1-0"]
[WhiteElo "3128"]
[BlackElo "2541"]
[TimeControl "180+1"]
[EndTime "14:27:37 PST"]
[Termination "mishanick won by resignation"]

1. d4 Nf6 2. c4 e6 3. Nc3 d5 4. Bg5 c6 5. e3 Be7 6. Bd3 a5 7. Nf3 h6 8. Bh4 dxc4 9. Bxc4 b5 10. Bd3 b4 11. Bxf6 Bxf6 12. Ne4 Be7 13. Rc1 Qd5 14. O-O Ba6 15. Ne5 O-O 16. b3 Rc8 17. Re1 Bxd3 18.
Qxd3 Nd7 19. Nxd7 Qxd7 20. Nc5 Qd5 21. f4 Rd8 22. Na4 c5 23. Nb6 Qb7 24. Nxa8 Qxa8 25.
Rc4 a4 26. Rd1 axb3 27. axb3 Qa3 28. h3 cxd4 29. Rxd4 Rxd4 30. exd4 Qb2 31. g3 g5 32. Rb1 Qa2 33. Rf1 Qb2 34. f5 Bf6 35. fxe6 Qxd4+ 36. Qxd4 Bxd4+ 37. Kg2 fxe6 38. Kf3 Bc3 39. Ke4 Kg7 40. Rd1 Kf6 41. Rd8 Kg6 42. Rd6 Kf6 43. Rc6 h5 44.
Rc5 Kg6 45. g4 hxg4 46. hxg4 Kf6 47. Kd3 Kg6 48. Rxc3 bxc3 49. Kxc3 Kf6 50. Kd4 e5+ 51. Kd5 e4 52. Kxe4 Ke6 53. b4 Kd6 54. Kf5 Kc6 55.
Kxg5 Kb5 56. Kf6 Kxb4 57. g5 Kc4 58. g6 1-0

[Event "Late-Titled-Tuesday-Blitz-January-30-2024"]
[Site "Chess.com"]
[Date "2024.01.30"]
[Round "3"]
[White "Viktor_Poddubnyi"]
[Black "biostatistician"]
[Result "0-1"]
[WhiteElo "2313"]
[BlackElo "2562"]
[TimeControl "180+1"]
[EndTime "14:27:38 PST"]
[Termination "biostatistician won on time"]

1. e4 e5 2. f4 Nc6 3. Nf3 f5 4. exf5 e4 5. Ne5 Nf6 6. Bb5 Bd6 7. d4 exd3 8. Nxd3 Qe7+ 9. Kf2 Ne4+ 10. Kf1 Nd4 11. Bc4 Nxf5 12. Nc3 b5 13. Bd5 Nxc3 14.
bxc3 c6 15. Bf3 O-O 16. Qe1 Qf6 17. Bd2 Ba6 18. Qf2 Bc7 19. Qc5 Bb6 20. Qe5 Qg6 21.
g4 Nh4 22. Be4 Qxg4 0-1

[Event "Late-Titled-Tuesday-Blitz-January-30-2024"]
[Site "Chess.com"]
[Date "2024.01.30"]
[Round "3"]
[White "jinxy2009"]
[Black "NovakRatko"]
[Result "0-1"]
[WhiteElo "2201"]
[BlackElo "2408"]
[TimeControl "180+1"]
[EndTime "14:27:39 PST"]
[Termination "NovakRatko won on time"]

1. e4 d5 2. exd5 c6 3. dxc6 Nxc6 4. Nf3 e5 5. Nc3 Bd6 6. Bb5 Ne7 7. O-O O-O 8. d4 exd4 9. Ne4 Bc7 10. Bg5 f6 11. Bc4+ Kh8 12. Bd2 Bg4 13. Ng3 Bxf3 14.
Qxf3 Ne5 15. Qe2 Nxc4 16. Qxc4 Nc6 17. Rfe1 Ne5 18. Qe2 d3 19. cxd3 Nxd3 20. Red1 Nxb2 21. Rdb1 Be5 22. f4 Bd4+ 23. Be3 Re8 24. Bxd4 Rxe2 25. Nxe2 Nd3 26. Rxb7 Nxf4 27. Bf2 Nxe2+ 28. Kf1 Qd3 29. Re1 Nf4+ 30. Kg1 Nxg2 0-1

[Event "Late-Titled-Tuesday-Blitz-January-30-2024"]
[Site "Chess.com"]
[Date "2024.01.30"]
[Round "3"]
[White "KamlaPasand"]
[Black "GP9isback23"]
[Result "0-1"]
[WhiteElo "2481"]
[BlackElo "2643"]
[TimeControl "180+1"]
[EndTime "14:27:41 PST"]
[Termination "GP9isback23 won by resignation"]

1. e4 c6 2. d4 d5 3. Nc3 e6 4.
Nf3 Nf6 5. exd5 cxd5 6. Bb5+ Bd7 7. O-O Be7 8. Bf4 O-O 9. Bd3 Nc6 10. Ne2 Nb4 11.
c3 Nxd3 12. Qxd3 a6 13. Ne5 Bb5 14. Qc2 Rc8 15. Ng3 Bxf1 16. Rxf1 Nd7 17. Nxd7 Qxd7 18. Be3 g6 19. f4 b5 20. Qd3 a5 21.
Ne2 b4 22. g4 Kh8 23. f5 gxf5 24. gxf5 Rg8+ 25. Kh1 exf5 26. Ng3 Bg5 27. Nxf5 Rce8 28. Bf2 Qe6 29. Re1 Qg6 30. Rg1 Re4 31. Ng3 Rf4 32. Qe2 Qe6 33. Be3 Re4 34. Nxe4 Qxe4+ 35. Qg2 Qxg2+ 36.
Rxg2 Bxe3 37. Rxg8+ Kxg8 38. Kg2 bxc3 39. bxc3 Bd2 0-1

[Event "Late-Titled-Tuesday-Blitz-January-30-2024"]
[Site "Chess.com"]
[Date "2024.01.30"]
[Round "3"]
[White "Smile2005"]
[Black "Flawless_Fighter"]
[Result "0-1"]
[WhiteElo "2446"]
[BlackElo "2785"]
[TimeControl "180+1"]
[EndTime "14:27:41 PST"]
[Termination "Flawless_Fighter won by checkmate"]

1. e4 c5 2. Nf3 Nc6 3. Bb5 Nf6 4. e5 Nd5 5. Nc3 Nc7 6. Bxc6 dxc6 7. Ne4 b6 8. O-O g6 9. Re1 Bg4 10. h3 Bxf3 11.
Qxf3 Ne6 12. Nf6+ exf6 13. Qxc6+ Ke7 14. d4 Rc8 15. exf6+ Kxf6 16. Qf3+ Kg7 17. d5 Nd4 18. Qc3 Qxd5 19. Be3 Be7 20. Qd2 Rcd8 21. Rad1 Qf5 22. Bh6+ Kf6 23. Qe3 Rhe8 24. Qg3 g5 25. c3 Ne2+ 26.
Rxe2 Rxd1+ 27. Kh2 Kg6 28. h4 Kxh6 29. hxg5+ Qxg5 30.
Qh3+ Qh5 31. g4 Rh1+ 32. Kxh1 Qxh3+ 33. Kg1 Qxg4+ 34. Kf1 Rd8 35. Rxe7 Rd1+ 36. Re1 Qh3+ 37. Ke2 Qd3# 0-1

[Event "Late-Titled-Tuesday-Blitz-January-30-2024"]
[Site "Chess.com"]
[Date "2024.01.30"]
[Round "3"]
[White "bocah_sakit"]
[Black "vladoboch"]
[Result "1-0"]
[WhiteElo "2629"]
[BlackElo "2470"]
[TimeControl "180+1"]
[EndTime "14:27:42 PST"]
[Termination "bocah_sakit won on time"]

1. e4 c5 2. Nf3 Nc6 3. Bb5 e6 4. O-O Nge7 5. Re1 a6 6. Bxc6 Nxc6 7. d4 cxd4 8. Nxd4 Bc5 9. Nxc6 bxc6 10. Qg4 Qf6 11.
Qg3 O-O 12. e5 Qf5 13. Nc3 Bb4 14. Bh6 Qg6 15. Qxg6 hxg6 16. Bd2 f6 17. a3 Be7 18.
f4 Rb8 19. b3 d6 20. exd6 Bxd6 21. Ne4 Bc7 22. Bb4 Rd8 23. Rad1 Rxd1 24. Rxd1 Kh7 25. Bd6 Bxd6 26. Rxd6 Rb5 27. Rd8 Bb7 28. Nd6 Rb6 29. Nf7 g5 30. fxg5 fxg5 31. Nxg5+ Kg6 32.
Nxe6 c5 33. Nxc5 Bc6 34. Rd6+ Kh7 35. Na4 1-0

[Event "Late-Titled-Tuesday-Blitz-January-30-2024"]
[Site "Chess.com"]
[Date "2024.01.30"]
[Round "3"]
[White "iamanoush"]
[Black "ElephantChessGenius"]
[Result "1-0"]
[WhiteElo "2479"]
[BlackElo "2251"]
[TimeControl "180+1"]
[EndTime "14:27:44 PST"]
[Termination "iamanoush won on time"]

1. d4 d5 2. c4 e6 3. Nc3 c6 4. e4 dxe4 5. Nxe4 Bb4+ 6. Bd2 Qxd4 7. Bxb4 Qxe4+ 8. Be2 Na6 9. Bf8 Bd7 10. Kf1 Kxf8 11.
Qxd7 c5 12. Bf3 Qxc4+ 13. Ne2 Nf6 14. Qd6+ Kg8 15. Bxb7 Rb8 16. Bxa6 Qb4 17. b3 Ne4 18.
Qd3 Nd2+ 19. Kg1 c4 20. Bxc4 Rc8 21. Rd1 1-0

[Event "Late-Titled-Tuesday-Blitz-January-30-2024"]
[Site "Chess.com"]
[Date "2024.01.30"]
[Round "3"]
[White "C_K_G"]
[Black "Rafael_Ventura"]
[Result "0-1"]
[WhiteElo "2148"]
[BlackElo "2382"]
[TimeControl "180+1"]
[EndTime "14:27:44 PST"]
[Termination "Rafael_Ventura won on time"]

1. e4 c5 2. Nf3 d6 3. d4 cxd4 4. Nxd4 Nf6 5. Nc3 a6 6. Be2 e5 7. Nb3 Be7 8. Be3 O-O 9. O-O Be6 10. f4 b5 11. f5 Bc8 12. g4 Bb7 13. Bf3 h6 14. h4 b4 15. Na4 Nbd7 16. g5 hxg5 17.
hxg5 Nxe4 18. g6 fxg6 19. fxg6 Bg5 20. Qd3 Bxe3+ 21. Qxe3 Qh4 22. Bg2 Qg4 23. Qh3 Qxh3 24. Bxh3 Ndf6 25. Be6+ Kh8 26. Rae1 Ng5 27. Bf5 Bc8 28.
Bxc8 Raxc8 29. Kg2 Rxc2+ 30. Rf2 Rfc8 31. Rh1+ Kg8 32. Nb6 Rxf2+ 33. Kxf2 Rc2+ 34. Ke3 Rxb2 35. Na5 d5 36. Nc6 d4+ 37. Kd3 Rxa2 38. Nc8 Ra3+ 39. Kd2 Nfe4+ 40. Ke2 Ng3+ 0-1

[Event "Late-Titled-Tuesday-Blitz-January-30-2024"]
[Site "Chess.com"]
[Date "2024.01.30"]
[Round "3"]
[White "jaskol95"]
[Black "Harsha_Bharathakoti"]
[Result "0-1"]
[WhiteElo "2535"]
[BlackElo "2909"]
[TimeControl "180+1"]
[EndTime "14:27:45 PST"]
[Termination "Harsha_Bharathakoti won by checkmate"]

1. e4 g6 2. d4 Bg7 3. Nf3 d6 4. Nc3 a6 5. a4 Nc6 6. Be3 Bg4 7. Be2 Nf6 8. h3 Bxf3 9. Bxf3 e5 10. Ne2 O-O 11. c3 exd4 12. cxd4 Re8 13. Nc3 a5 14.
O-O Nb4 15. e5 dxe5 16. Bxb7 Rb8 17. Bf3 e4 18. Be2 Nfd5 19. Bc4 c6 20. Qd2 Qb6 21. Rad1 Rbd8 22. Nxd5 cxd5 23. Bb5 Re7 24. Rc1 f5 25. Bg5 Bf6 26. Bxf6 Qxf6 27. Rc5 f4 28. Rfc1 e3 29. fxe3 fxe3 30. Qe2 Qxd4 31. Rc8 Rxc8 32. Rxc8+ Kg7 33. Kh1 Qf4 34. b3 d4 35. Qc4 e2 36. Qg8+ Kh6 37.
Bxe2 Rxe2 38. Re8 Qf1+ 39. Kh2 Qxg2# 0-1

[Event "Late-Titled-Tuesday-Blitz-January-30-2024"]
[Site "Chess.com"]
[Date "2024.01.30"]
[Round "3"]
[White "Matthew_Clarke"]
[Black "Narek_Ghimoyan"]
[Result "1-0"]
[WhiteElo "2167"]
[BlackElo "2369"]
[TimeControl "180+1"]
[EndTime "14:27:45 PST"]
[Termination "Matthew_Clarke won by checkmate"]

1. d4 Nf6 2. c4 e6 3. g3 d5 4.
Bg2 Bb4+ 5. Bd2 Be7 6. Nf3 O-O 7.
O-O c6 8. Qc2 Nbd7 9. Bf4 h6 10.
h3 a5 11. Nbd2 b6 12. e4 dxe4 13. Nxe4 Nxe4 14. Qxe4 Bb7 15. Ne5 Nf6 16. Qd3 Qc8 17. Rfd1 Rd8 18. Qb3 Ra6 19. Rd2 a4 20. Qd1 c5 21. d5 exd5 22. cxd5 Bd6 23. Nd3 c4 24. Bxd6 Rxd6 25. Nb4 Ra5 26. Nc6 Qd7 27. Nxa5 bxa5 28. Rc1 Nxd5 29. Rxc4 Qe6 30. Rcd4 Qe5 31. Bxd5 Bxd5 32.
Rxd5 Rxd5 33. Rxd5 Qxb2 34. Rxa5 Qxa2 35. Rxa4 Qe6 36. Ra7 g6 37. Rd7 h5 38. Qd5 Qf6 39.
Kg2 h4 40. Rd8+ Kh7 41. Qd4 Qc6+ 42. Qd5 Qf6 43. gxh4 Qe7 44. Qd4 Qb7+ 45. f3 Qe7 46. Qh8# 1-0

[Event "Late-Titled-Tuesday-Blitz-January-30-2024"]
[Site "Chess.com"]
[Date "2024.01.30"]
[Round "3"]
[White "GMKrikor"]
[Black "FairChess_on_YouTube"]
[Result "0-1"]
[WhiteElo "2811"]
[BlackElo "3089"]
[TimeControl "180+1"]
[EndTime "14:27:48 PST"]
[Termination "FairChess_on_YouTube won on time"]

1. Nf3 d5 2. c4 e6 3. d4 a6 4. cxd5 exd5 5. Nc3 Nf6 6. Bf4 Bd6 7. Bxd6 Qxd6 8. e3 c6 9. Bd3 Nbd7 10. O-O O-O 11. Qc2 Re8 12. Rab1 Nf8 13. Ne5 Ng6 14. f4 c5 15. h3 c4 16. Be2 b5 17. b4 Bd7 18.
Bf3 a5 19. Qb2 Bf5 20. Nxb5 Qb8 21. Nc3 Bxb1 22. Rxb1 axb4 23. Qxb4 Ne7 24. Qc5 Qa7 25. Qxa7 Rxa7 26. a4 g6 27. Kf2 Rd8 28. g4 Ne8 29. g5 Nc7 30. h4 Raa8 31. Rb6 Rab8 32. a5 Rxb6 33. axb6 Na6 34. b7 Nc7 35. Bg4 Rb8 0-1